 Dungeon Crawl Stone Soup version 0.22-a0-247-gbddf880 (webtiles) character file.

26 M4edhros the Grave Robber (level 3, 0/21 HPs)
             Began as an Octopode Necromancer on Feb 23, 2018.
             Was a Follower of the Shining One.
             Slain by a worker ant (1 damage)
             ... on level 4 of the Dungeon.
             The game lasted 00:03:16 (544 turns).

M4edhros the Grave Robber (Octopode Necromancer)     Turns: 544, Time: 00:03:16

Health: 0/21       AC:  1    Str:  7    XL:     3   Next: 8%
Magic:  6/6        EV: 13    Int: 17    God:    the Shining One [*.....]
Gold:   65         SH:  0    Dex: 13    Spells: 4/6 levels left

rFire    . . .     SeeInvis .     - Unarmed
rCold    . . .     Gourm    +   (no shield)
rNeg     . . .     Faith    .   (helmet restricted)
rPois    .         Spirit   .   i - amulet of the gourmand
rElec    .         Reflect  .   f - ring of stealth
rCorr    .         Harm     .   (no ring)
MR       .....                  (no ring)
Stlth    ++........             (no ring)
HPRegen  0.07/turn              (no ring)
MPRegen  0.10/turn              (no ring)
                                (no ring)
                                (no ring)

@: lethally poisoned (0 -> -9), glowing
A: almost no armour, stealthy swim, amphibious, 8 rings, constrict 8, camouflage
1, gelatinous body 1
a: Renounce Religion


You were on level 4 of the Dungeon.
You worshipped the Shining One.
The Shining One was aware of your devotion.
You were not hungry.

You visited 1 branch of the dungeon, and saw 4 of its levels.

You collected 65 gold pieces.

Inventory:

Armour
 h - a +0 buckler
Jewellery
 f - a ring of stealth (left tentacle)
 i - an amulet of the gourmand (around mantle)
Scrolls
 b - 3 scrolls of identify {unknown}
 c - a scroll of enchant weapon {unknown}
 d - 3 scrolls of magic mapping {unknown}
 e - 2 scrolls of teleportation {unknown}
 g - a scroll of remove curse {unknown}
Comestibles
 a - 4 rations


   Skills:
 - Level 2.0 Dodging
 - Level 2.6 Stealth
 + Level 2.6 Unarmed Combat
 - Level 2.0 Spellcasting
 - Level 4.0 Necromancy


You had 4 spell levels left.
You knew the following spells:

 Your Spells              Type           Power        Failure   Level  Hunger
a - Pain                  Necr           ###.         3%          1    #......
b - Animate Skeleton      Necr           N/A          3%          1    #......


Dungeon Overview and Level Annotations

Branches:
Dungeon (4/15)
 Temple: D:4-7

Altars:
Uskayaw
The Shining One


Innate Abilities, Weirdness & Mutations

You cannot wear most types of armour.
You are very stealthy in the water. (Stealth+)
You are amphibious.
You can wear up to eight rings at the same time.
You can use your tentacles to constrict eight enemies at once.
Your skin changes colour to match your surroundings (Stealth+).
Your rubbery body absorbs attacks. (AC +1, EV +1)


Message History

The worker ant barely misses you.
You tentacle-slap the worker ant.
The worker ant is moderately wounded.
You constrict the worker ant. The worker ant bites you.
* * * LOW HITPOINT WARNING * * *
You are lethally poisoned!
The worker ant poisons you!
Okay, then.
You tentacle-slap the worker ant but do no damage.
You squeeze the worker ant.
The worker ant is heavily wounded.
You constrict the worker ant.
* * * LOW HITPOINT WARNING * * *
You feel sick. The worker ant barely misses you.
You tentacle-slap the worker ant.
The worker ant is severely wounded.
You constrict the worker ant.
* * * LOW HITPOINT WARNING * * *
You feel sick. The worker ant bites you.
You die...

..?. .... .. ..... #.## .....
######....... ......
#.......####.
......###.......#..#.
......a......._.#(.#(
.......@........#(.#.
..<....##.......####.
.......##............
........#......### .# .<
........#####..# .# ..
........)####.#####.# # #.#
.....##.....#.......# #####.#
######..............##
##.....#######................#


You could see a worker ant.

Vanquished Creatures
  An adder (D:4)
  A worm (D:3)
  A leopard gecko (D:1)
  A ball python (D:2)
  2 giant cockroaches (D:2)
  A goblin (D:1)
  A hobgoblin (D:2)
  3 kobolds
11 creatures vanquished.

Vanquished Creatures (collateral kills)
  A frilled lizard (D:2)
1 creature vanquished.

Grand Total: 12 creatures vanquished

Notes
Turn   | Place    | Note
-------+----------+-------------------------------------------
     0 | D:1      | M4edhros the Octopode Necromancer began the quest for the Orb.
     0 | D:1      | Reached XP level 1. HP: 11/11 MP: 3/3
    76 | D:1      | Reached skill level 1 in Unarmed Combat
    79 | D:1      | Learned a level 1 spell: Animate Skeleton
   205 | D:2      | Reached XP level 2. HP: 4/17 MP: 1/5
   302 | D:2      | Found a faded altar of an unknown god.
   310 | D:2      | Became a worshipper of the Shining One
   310 | D:2      | Reached * piety under the Shining One
   502 | D:4      | Reached XP level 3. HP: 13/21 MP: 6/6
   529 | D:4      | Found a hide-covered altar of Uskayaw.
   529 | D:4      | Noticed a hand axe
   530 | D:4      | Noticed a hand axe
   544 | D:4      | HP: 1/21 [poisoned by a worker ant]
   544 | D:4      | Slain by a worker ant

Vault maps used:
D:1:      eino_arrival_druids_welcome, minmay_misc_feat_pillars,
          dk_noncrumbling_4
D:2:      kennysheep_big_flooded_room, gammafunk_temple_overflow_claw,
          chequers_ecumenical_altar_simple_redux, serial_bayou_lagoon_b
D:4:      dancing_weapons_uskayaw

Skill      XL: |  1  2 |
---------------+-------+-----
Unarmed Combat | 1 2 |  2.6
Dodging        | |  2.0
Stealth        | |  2.6
Spellcasting   | |  2.0
Necromancy     | |  4.0

Action                   || total
-------------------------++-------
Melee: Unarmed           ||    33
       Constrict         ||     8
       Tentacles         ||     4
 Cast: Pain              ||    13
       Animate Skeleton  ||     3
  Use: Potion            ||     1
Armor: Skin              ||     1
Dodge: Dodged            ||    24

Table legend:
 A = Spawn XP
 B = Non-spawn XP
 C = Spawn XP percentage of total XP
 D = Spawn monster count
 E = Non-spawn monster count
 F = Spawn count percentage of total count
 G = Total turns spent on level
                    A         B        C        D         E        F      G
               +---------+---------+-------+---------+---------+-------+---------
         Total |       0 |      38 |   0.0 |       0 |      12 |   0.0 |   544
               +---------+---------+-------+---------+---------+-------+---------
           D:1 |       0 |       7 |   0.0 |       0 |       3 |   0.0 |   199
           D:2 |       0 |      13 |   0.0 |       0 |       7 |   0.0 |   200
           D:3 |       0 |       5 |   0.0 |       0 |       1 |   0.0 |    36
           D:4 |       0 |      13 |   0.0 |       0 |       1 |   0.0 |   109
               +---------+---------+-------+---------+---------+-------+---------
